 Dungeon Crawl Stone Soup version 0.31-a0-217-g58bb5d79cf (webtiles) character file.

Game seed: 1870535844387334809

2206 qw the Cleaver (level 9, 0/55 HPs)
             Began as a Gargoyle Fighter on July 2, 2023.
             Slain by an orc warrior
             ... wielding a +0 glaive
              (4 damage)
             ... on level 7 of the Dungeon.
             The game lasted 00:02:27 (5462 turns).

qw the Cleaver (Gargoyle Fighter)                   Turns: 5462, Time: 00:02:27

Health: 0/55       AC: 18    Str: 25    XL:     9   Next: 34%
Magic:  9/9        EV:  7    Int:  6    God:
Gold:   368        SH:  4    Dex:  9    Spells: 8/8 levels left

rFire   . . .        Y - +0 war axe
rCold   . . .        c - +0 buckler
rNeg    + + .        e - +0 plate armour
rPois   inf          (helmet restricted)
rElec   +            (no cloak)
rCorr   .            (no gloves)
SInv    .            (no boots)
Will    .....        j - amulet of faith Stlth
                     o - ring of positive energy
HPRegen 0.29/turn    (no ring)
MPRegen 0.11/turn

%: faith
@: about to teleport
A: sickness immunity, AC +6, negative energy resistance 1, electricity
resistance, torment resistance 1, petrification resistance, horns 1, dopey 1,
MP-powered wands
a: no special abilities


You were on level 7 of the Dungeon.
You visited 2 branches of the dungeon, and saw 8 of its levels.

You collected 432 gold pieces.
You spent 64 gold pieces at shops.


Innate Abilities, Weirdness & Mutations

You are immune to sickness and miasma.
Your stone body is resilient. (AC +6)
You are immune to poison.
You resist negative energy. (rN+)
You are resistant to electric shocks. (rElec)
You are resistant to unholy torment.
You are immune to petrification.
You have a pair of small horns on your head.
You are dopey. (Int -2)
You expend magic power (3 MP) to strengthen your wands.


   Skills:
 + Level 6.1 Fighting
 - Level 9.2 Axes
 - Level 5.2 Armour
 - Level 2.1 Dodging
 - Level 4.0 Shields


You had 8 spell levels left.
You didn't know any spells.
Your spell library was empty.

Inventory:

Hand Weapons
 m - a +2 morningstar of protection
 Y - a +0 war axe (weapon)
Armour
 c - a +0 buckler (worn)
 e - a +0 plate armour (worn)
Jewellery
 j - an amulet of faith (around neck)
 o - a ring of positive energy (left hand)
Scrolls
 h - a scroll of identify
Potions
 a - 2 potions of mutation
 b - a potion of magic
 d - a potion of might
 f - 2 potions of curing
 g - a potion of lignification
 i - a potion of resistance
 k - a potion of berserk rage {unknown}
 l - a potion of cancellation {unknown}
 n - a potion of ambrosia {unknown}
 p - a potion of degeneration {unknown}
 r - a potion of enlightenment {unknown}
 s - a potion of heal wounds {unknown}

Dungeon Overview and Level Annotations

Branches:
Dungeon (7/15)             Temple (1/1) D:4

Altars:
Ashenzari
Hepliaklqana
Kikubaaqudgha
Qazlal
Ru
Uskayaw
Xom
Yredelemnul
Zin
The Shining One

Shops:
D:2 *

Annotations:
D:3 exclusion: orc
D:4 1 runed translucent door, Crazy Yiuf


Message History

The orc warrior hits you from afar with a +0 glaive!
You closely miss the orc. You headbutt the orc, but do no damage.
The orc is heavily wounded.
You closely miss the orc. You hit the orc. You block the orc's attack.
The orc hits you but does no damage. x2
You block the orc warrior's attack.
You hit the orc but do no damage. Your headbutt misses the orc.
The orc is heavily wounded.
You hit the ogre. You slash the orc!
You kill the orc!
You hit the orc.
You kill the orc!
The orc hits you but does no damage. The ogre hits you with a +0 giant club!
The orc warrior hits you from afar with a +0 glaive.
You hit the orc. You headbutt the orc.
You kill the orc!
You slash the ogre!
The orc warrior hits you from afar with a +0 glaive.
The ogre barely misses you.
5459 ||| READING scroll of teleportation.
As you read the scroll of teleportation, it crumbles to dust.
You feel strangely unstable. You block the orc warrior's attack.
You slash the ogre!
You kill the ogre!
The orc warrior hits you from afar with a +0 glaive!
Your Armour skill increases to level 5!
The orc warrior hits you with a +0 glaive.
Items here: % )) [.
Enter note:
Enter note:
Enter note:
Enter note:
Enter note:
Enter note:
Enter note:
Enter note: You hit the orc warrior but do no damage.
The orc warrior hits you with a +0 glaive.
You die...

....... ### ........
##..######...... ..<
#......#.......##.c#
#............#.#~~~
................~#
#...o.#....8..~#
.#....@#)......~#
.......)........~# .
....#..)#.......~#####~.
#.. #......#....~~~~~~~.
# .......##.........#..
#........##..#.........
.........#..###........
.......................
....#.................#


You could see an orc warrior.

Vanquished Creatures
  Sigmund (D:4)
  A wyvern (D:7)
  A water moccasin (D:5)
  2 ice beasts
  2 sky beasts
  An ogre (D:7)
  A phantom (D:4)
  5 scorpions
  A bullfrog (D:7)
  4 wights (D:6)
  An electric eel (D:6)
  3 orc priests
  A hound (D:5)
  4 jellies
  A sleepcap (D:5)
  6 iguanas
  Natasha (twice) (D:2)
  An orc wizard (D:6)
  5 adders
  A shadow imp (D:6)
  2 ufetubi
  2 worms
  4 dart slugs (D:4)
  16 orcs
  4 ball pythons
  4 endoplasms
  2 giant cockroaches
  7 goblins
  4 hobgoblins
  2 jackals (D:3)
  5 kobolds
  3 quokkas (D:1)
  7 bats
  A rat (D:3)
107 creatures vanquished.

Notes
Turn   | Place    | Note
-------+----------+-------------------------------------------
     0 | D:1      | qw the Gargoyle Fighter began the quest for the Orb.
     0 | D:1      | Reached XP level 1. HP: 14/14 MP: 1/1
     0 | D:1      | 0 ||| qw: Version: 0.3-a-40-ge99b1a8
     0 | D:1      | 0 ||| qw: Game counter: 220
     0 | D:1      | 0 ||| qw: Melee chars always use a shield: true
     0 | D:1      | 0 ||| qw: God list: Okawaru
     0 | D:1      | 0 ||| qw: Allow faded altars: false
     0 | D:1      | 0 ||| qw: Do Orc after clearing Dungeon:15 true
     0 | D:1      | 0 ||| qw: Do second Lair branch before Depths: true
     0 | D:1      | 0 ||| qw: Lair rune preference: random
     0 | D:1      | 0 ||| qw: Goals: Normal, Zot:1-4, Slime:5, God:TSO, Crypt,
                  | Tomb, Abyss, Pan, Hells, Win
     0 | D:1      | 0 ||| PLANNING D:1-11
    21 | D:1      | Reached skill level 2 in Axes
   110 | D:1      | 110 ||| Stepping ~*~*~tactically~*~*~ (stealth).
   111 | D:1      | 111 ||| Stepping ~*~*~tactically~*~*~ (stealth).
   113 | D:1      | 113 ||| Stepping ~*~*~tactically~*~*~ (stealth).
   114 | D:1      | 114 ||| Stepping ~*~*~tactically~*~*~ (stealth).
   125 | D:1      | Reached XP level 2. HP: 19/19 MP: 2/2
   494 | D:1      | 494 ||| UPGRADING to +1 helmet of intelligence.
   499 | D:1      | 499 ||| READING scroll labelled OPRECWANES.
   500 | D:1      | 500 ||| READING scroll labelled OCWEWEMYCI.
   501 | D:1      | 501 ||| READING scroll labelled JOAKAU DEANUIV.
   502 | D:1      | 502 ||| READING scroll labelled FEPAETIODA.
   505 | D:1      | 505 ||| DRINKING 2 sapphire potions.
   517 | D:2      | Found Nupaa's Assorted Antiques.
   520 | D:2      | 520 ||| BUYING 2 orange potions (43 gold).
   520 | D:2      | Bought 2 orange potions for 43 gold pieces
   520 | D:2      | 520 ||| BUYING fuming purple potion (21 gold).
   520 | D:2      | Bought a fuming purple potion for 21 gold pieces
   520 | D:2      | 520 ||| SHOPLISTING glass wand (96 gold, have 22).
   520 | D:2      | 520 ||| SHOPLISTING mace (72 gold, have 22).
   520 | D:2      | 520 ||| SHOPLISTING scroll labelled LULAWO YCUSY (24 gold,
                  | have 22).
   520 | D:2      | 520 ||| SHOPLISTING scroll of identify (48 gold, have 22).
   520 | D:2      | 520 ||| SHOPLISTING shiny pearl ring (120 gold, have 22).
   572 | D:2      | 572 ||| DROPPING +0 club.
   654 | D:2      | 654 ||| DROPPING +0 whip.
   662 | D:2      | Noticed Natasha
   671 | D:2      | Killed Natasha
   672 | D:2      | Reached skill level 3 in Axes
   672 | D:2      | Reached XP level 3. HP: 23/23 MP: 3/3
   825 | D:2      | Noticed Natasha
   826 | D:2      | 826 ||| Stepping ~*~*~tactically~*~*~ (hiding).
   827 | D:2      | 827 ||| Stepping ~*~*~tactically~*~*~ (hiding).
   833 | D:2      | Killed Natasha
   834 | D:2      | Reached XP level 4. HP: 19/28 MP: 4/4
   961 | D:2      | 961 ||| DROPPING +2 leather armour of poison resistance.
   962 | D:2      | 962 ||| READING scroll labelled MITIWA KAG LIO.
   963 | D:2      | 963 ||| DRINKING 2 orange potions.
   963 | D:2      | Gained mutation: You are dopey. (Int -2) [potion of
                  | mutation]
   963 | D:2      | Gained mutation: You expend magic power (3 MP) to
                  | strengthen your wands. [potion of mutation]
   963 | D:2      | Gained mutation: You have a pair of small horns on your
                  | head. [potion of mutation]
   964 | D:2      | 964 ||| DROPPING +1 helmet of intelligence.
   965 | D:2      | 965 ||| DRINKING 2 fuming silvery potions.
  1000 | D:3      | 1000 ||| PLANNING SEWER
  1004 | D:3      | Reached skill level 4 in Axes
  1218 | D:3      | 1218 ||| READING scroll labelled FINEOCLOVUSK.
  1220 | D:3      | 1220 ||| READING scroll labelled ABIORE CYXUTT.
  1397 | D:3      | Found a glowing drain.
  1462 | D:3      | 1462 ||| Stepping ~*~*~tactically~*~*~ (stealth).
  1480 | D:3      | 1480 ||| DROPPING +0 mace.
  1485 | D:3      | 1485 ||| Stepping ~*~*~tactically~*~*~ (stealth).
  1701 | D:3      | 1701 ||| RIP SEWER
  1862 | D:3      | 1862 ||| PLANNING D:1-11
  1862 | D:3      | 1862 ||| READING 2 scrolls of identify.
  1862 | D:3      | 1862 ||| IDENTIFYING fuming purple potion
  1863 | D:3      | 1863 ||| DROPPING potion of brilliance.
  1950 | D:4      | 1950 ||| Stepping ~*~*~tactically~*~*~ (hiding).
  1953 | D:4      | 1953 ||| Stepping ~*~*~tactically~*~*~ (hiding).
  2003 | D:4      | Found a staircase to the Ecumenical Temple.
  2004 | D:4      | 2004 ||| PLANNING TEMPLE
  2005 | D:4      | 2005 ||| UPGRADING to +0 plate armour.
  2015 | D:4      | 2015 ||| DROPPING +0 scale mail.
  2016 | D:4      | 2016 ||| DROPPING +0 leather armour of fire resistance.
  2017 | D:4      | 2017 ||| READING scroll labelled DINE QIOTWEF.
  2022 | Temple   | Entered the Ecumenical Temple
  2051 | Temple   | 2051 ||| PLANNING D:1-11
  2129 | D:4      | Reached XP level 5. HP: 31/32 MP: 5/5
  2155 | D:4      | Reached skill level 5 in Axes
  2202 | D:4      | 2202 ||| Stepping ~*~*~tactically~*~*~ (stealth).
  2325 | D:4      | Found a runed translucent door.
  2326 | D:4      | Noticed Crazy Yiuf
  2525 | D:4      | Noticed a phantom
  2526 | D:4      | Reached XP level 6. HP: 30/38 MP: 6/6
  2530 | D:4      | 2530 ||| FLEEEEING.
  2531 | D:4      | 2531 ||| FLEEEEING.
  2532 | D:4      | 2532 ||| FLEEEEING.
  2533 | D:4      | 2533 ||| FLEEEEING.
  2534 | D:4      | 2534 ||| FLEEEEING.
  2535 | D:4      | 2535 ||| FLEEEEING.
  2536 | D:4      | 2536 ||| STAIRDANCE
  2645 | D:4      | 2645 ||| Stepping ~*~*~tactically~*~*~ (hiding).
  2883 | D:4      | Noticed Sigmund
  2892 | D:4      | Killed Sigmund
  2893 | D:4      | Reached skill level 6 in Axes
  2893 | D:4      | Reached XP level 7. HP: 22/43 MP: 7/7
  3034 | D:4      | Found a sacrificial altar of Ru.
  3036 | D:4      | Found a basalt altar of Yredelemnul.
  3140 | D:4      | 3140 ||| UPGRADING to amulet of faith.
  3145 | D:4      | 3145 ||| UPGRADING to ring of positive energy.
  3202 | D:5      | Entered Level 5 of the Dungeon
  3229 | D:5      | 3229 ||| STAIRDANCE
  3367 | D:5      | Reached skill level 7 in Axes
  3979 | D:5      | 3979 ||| Stepping ~*~*~tactically~*~*~ (stealth).
  3987 | D:5      | Reached XP level 8. HP: 44/49 MP: 8/8
  4271 | D:5      | 4271 ||| READING scroll labelled IRGHOI UPASTROXT.
  4403 | D:6      | 4403 ||| Stepping ~*~*~tactically~*~*~ (hiding).
  4418 | D:6      | 4418 ||| FLEEEEING.
  4420 | D:6      | 4420 ||| FLEEEEING.
  4421 | D:6      | 4421 ||| FLEEEEING.
  4422 | D:6      | 4422 ||| FLEEEEING.
  4423 | D:6      | 4423 ||| FLEEEEING.
  4424 | D:6      | 4424 ||| FLEEEEING.
  4425 | D:6      | 4425 ||| FLEEEEING.
  4426 | D:6      | 4426 ||| FLEEEEING.
  4427 | D:6      | 4427 ||| FLEEEEING.
  4428 | D:6      | 4428 ||| FLEEEEING.
  4430 | D:6      | 4430 ||| FLEEEEING.
  4431 | D:6      | 4431 ||| STAIRDANCE
  4467 | D:5      | 4467 ||| READING 2 scrolls of identify.
  4467 | D:5      | 4467 ||| IDENTIFYING yellow potion
  4482 | D:6      | 4482 ||| Stepping ~*~*~tactically~*~*~ (stealth).
  4517 | D:6      | 4517 ||| Stepping ~*~*~tactically~*~*~ (hiding).
  4628 | D:6      | Reached skill level 8 in Axes
  4775 | D:6      | Reached skill level 6 in Fighting
  5228 | D:6      | 5228 ||| Stepping ~*~*~tactically~*~*~ (hiding).
  5238 | D:6      | Reached XP level 9. HP: 55/55 MP: 9/9
  5257 | D:6      | 5257 ||| READING 2 scrolls labelled ESTAOT NUOPRUS.
  5258 | D:6      | 5258 ||| READING 2 scrolls of identify.
  5258 | D:6      | 5258 ||| IDENTIFYING viscous dark potion
  5259 | D:6      | 5259 ||| DROPPING scroll of noise.
  5270 | D:7      | Reached skill level 9 in Axes
  5374 | D:7      | Found a hide-covered altar of Uskayaw.
  5450 | D:7      | 5450 ||| Stepping ~*~*~tactically~*~*~ (hiding).
  5451 | D:7      | 5451 ||| FLEEEEING.
  5458 | D:7      | HP: 13/55 [orc warrior/+0 glaive (1)]
  5459 | D:7      | 5459 ||| READING scroll of teleportation.
  5460 | D:7      | HP: 6/55 [orc warrior/+0 glaive (8)]
  5462 | D:7      | Slain by an orc warrior

Levels and vault maps discovered:
D:1:      minmay_arrival_solitary_statue, layout_rooms,
          chequers_serial_rivers_micro_a
D:2:      layout_rooms, serial_shops, shop, uniq_natasha
D:3:      layout_loops_ring, serial_rivers, chequers_serial_rivers_room_a,
          chequers_serial_rivers_micro_e, chequers_serial_rivers_room_a,
          chequers_serial_rivers_room_a, chequers_serial_rivers_micro_c,
          gup_sewer_entry_glass
D:4:      layout_gridville, nicolae_overflow_hidden_temple, temple_doors_e,
          uniq_sigmund, uniq_crazy_yiuf_cottage
D:5:      layout_basic, kennysheep_big_empty_room
D:6:      layout_loops_ring, kennysheep_another_room, minmay_diced_spiral
D:7:      layout_cave_pools, nicolae_overflow_two_pavilions,
          nicolae_uskayaw_murder_on_the_dancefloor, serial_column_ruins,
          column_ruins_circle_medium, column_ruins_hut,
          column_ruins_open_tiny_water, column_ruins_columns_straight,
          column_ruins_open_tiny, column_ruins_grid_1
Temple:   nicolae_temple_little_seven

Skill      XL: |  1  2  3  4  5  6  7  8  9 |
---------------+----------------------------+-----
Axes           | 2 3 4 5 6 7 8 9 |  9.2
Fighting       | 4 5 6 |  6.1
Dodging        | 2 |  2.1
Armour         | 4 5 |  5.2
Shields        | 4 |  4.0

Action                     |  1- 3 |  4- 6 |  7- 9 || total
---------------------------+-------+-------+-------++-------
  Melee: War axe           |    62 |   116 |   175 ||   353
         Headbutt          |       |    19 |    21 ||    40
    Use: Scroll            |     4 |     5 |     5 ||    14
         Potion            |     1 |     2 |       ||     3
 Armour: Scale mail        |    38 |    22 |       ||    60
         Plate armour      |       |    46 |    98 ||   144
  Dodge: Dodged            |    30 |    38 |    33 ||   101
  Block: Buckler           |    12 |    15 |    19 ||    46

Table legend:
 A = Non-vault XP
 B = Vault XP
 C = Vault XP percentage of total XP
 D = Non-vault monster count
 E = Vault monster count
 F = Vault count percentage of total count
                 A         B        C        D         E       F
            +---------+---------+-------+---------+---------+-------
      Total |    2747 |     405 |  12.8 |     101 |       6 |   5.6
            +---------+---------+-------+---------+---------+-------
        D:1 |      21 |       0 |   0.0 |      12 |       0 |   0.0
        D:2 |      42 |      35 |  45.5 |       6 |       1 |  14.3
        D:3 |      50 |       0 |   0.0 |      17 |       0 |   0.0
        D:4 |     381 |     239 |  38.5 |      23 |       1 |   4.2
        D:5 |     526 |       0 |   0.0 |      11 |       0 |   0.0
        D:6 |    1001 |     131 |  11.6 |      20 |       4 |  16.7
        D:7 |     726 |       0 |   0.0 |      12 |       0 |   0.0
            +---------+---------+-------+---------+---------+-------
